PAA
ASHEVILLE HIGHLANDERS @ TACOMA FUR TRADERS
08/17/2025
 
TOP OF THE 1ST
Asheville Highlanders batting - Pitching for Tacoma Fur Traders : RHP Howard Finch
Pitching: RHP Howard Finch
Batting: LHB Jack Sutherland 0-0: Ball
1-0: Ground out 4-3 (Groundball, 4)
Batting: LHB Luis Vicenteno 0-0: Ball
1-0: Bunt missed!
1-1: Foul Ball, location: 2F
1-2: Strikes out looking
Batting: RHB Ed Lastinger 0-0: SINGLE (Line Drive, 4MD)
Batting: RHB Víctor López 0-0: Ball
1-0: Ball
2-0: Ball
3-0: Base on Balls
Ed Lastinger to second
Batting: RHB Moisés Quintana 0-0: SINGLE (Line Drive, 8RS)
Ed Lastinger to third
Víctor López to second
Batting: SHB Gonzalo Valentín 0-0: Foul Ball, location: 2F
0-1: Ball
1-1: Ball
2-1: Fielders Choice at 2nd, 4-6 (Groundball, 34)
Top of the 1st over - 0 run(s), 2 hit(s), 0 error(s), 2 left on base; Asheville 0 - Tacoma 0
BOTTOM OF THE 1ST
Tacoma Fur Traders batting - Pitching for Asheville Highlanders : RHP Danial Apodaca
Pitching: RHP Danial Apodaca
Batting: RHB Andy Moore 0-0: Bunt missed!
0-1: Ball
1-1: Ball
2-1: Ball
3-1: Base on Balls
Batting: RHB Jenkins Hall 0-0: Ball
1-0: Called Strike
1-1: Grounds into double play, 5-4-3 (Groundball, 56)
Batting: RHB Rubén Alvarado 0-0: Foul Ball, location: 2F
0-1: Ball
1-1: SINGLE (Line Drive, 8RS)
Batting: RHB Luis Flores 0-0: Ball
1-0: Fielders Choice at 2nd, 5-4 (Groundball, 56)
Bottom of the 1st over - 0 run(s), 1 hit(s), 0 error(s), 0 left on base; Asheville 0 - Tacoma 0
TOP OF THE 2ND
Asheville Highlanders batting - Pitching for Tacoma Fur Traders : RHP Howard Finch
Batting: RHB Paco Vásquez 0-0: Fly out, F8 (Flyball, 8LM)
Batting: SHB Javier Luna 0-0: Swinging Strike
0-1: Ball
1-1: Fly out, F6 (Line Drive, 6)
Batting: RHB Héctor Gallegos 0-0: Ball
1-0: SINGLE (Line Drive, 89M)
Batting: LHB Jack Sutherland 0-0: Called Strike
Héctor Gallegos steals 2nd base
0-1: Foul Ball, location: 2F
0-2: Foul Ball, location: 2F
0-2: Ball
1-2: Ground out 4-3 (Groundball, 4)
Top of the 2nd over - 0 run(s), 1 hit(s), 0 error(s), 1 left on base; Asheville 0 - Tacoma 0
BOTTOM OF THE 2ND
Tacoma Fur Traders batting - Pitching for Asheville Highlanders : RHP Danial Apodaca
Batting: RHB Iván Rodríguez 0-0: Swinging Strike
0-1: Ball
1-1: Foul Ball, location: 2F
1-2: Fly out, F7 (Flyball, 78D)
Batting: LHB Michael Whorton 0-0: Bunted foul
0-1: Ground out 6-3 (Groundball, 6)
Batting: RHB Tim Lehman 0-0: Ball
1-0: Ball
2-0: Ground out 4-3 (Groundball, 4)
Bottom of the 2nd over - 0 run(s), 0 hit(s), 0 error(s), 0 left on base; Asheville 0 - Tacoma 0
TOP OF THE 3RD
Asheville Highlanders batting - Pitching for Tacoma Fur Traders : RHP Howard Finch
Batting: LHB Luis Vicenteno 0-0: Ball
1-0: Bunted foul
1-1: Ground out 4-3 (Groundball, 34)
Batting: RHB Ed Lastinger 0-0: Ground out 1-3 (Groundball, 13)
Batting: RHB Víctor López 0-0: Called Strike
0-1: Foul Ball, location: 2F
0-2: Foul Ball, location: 2F
0-2: Foul Ball, location: 2F
0-2: Strikes out swinging
Top of the 3rd over - 0 run(s), 0 hit(s), 0 error(s), 0 left on base; Asheville 0 - Tacoma 0
BOTTOM OF THE 3RD
Tacoma Fur Traders batting - Pitching for Asheville Highlanders : RHP Danial Apodaca
Batting: RHB Jim Unknown 0-0: Foul Ball, location: 2F
0-1: Ball
1-1: Ball
2-1: Ball
3-1: Base on Balls
Batting: SHB Vicente Pueblo 0-0: Ball
1-0: Foul Ball, location: 2F
1-1: Called Strike
1-2: Ball
2-2: Ball
3-2: Base on Balls
Jim Unknown to second
Batting: RHB Andy Moore 0-0: Called Strike
0-1: Ball
1-1: Ball
2-1: Called Strike
2-2: Foul Ball, location: 2F
2-2: Grounds into double play, 4-6-3 (Groundball, 4)
Jim Unknown to third
Batting: RHB Jenkins Hall 0-0: Called Strike
0-1: Ball
1-1: Swinging Strike
1-2: Foul Ball, location: 2F
1-2: Ball
2-2: Reached on error, E5 (Groundball, 56S)
Jim Unknown scores
Batting: RHB Rubén Alvarado 0-0: Ball
1-0: Foul Ball, location: 2F
1-1: Ball
2-1: Fielders Choice at 2nd, 4-6 (Groundball, 4)
Bottom of the 3rd over - 1 run(s), 0 hit(s), 1 error(s), 0 left on base; Asheville 0 - Tacoma 1
TOP OF THE 4TH
Asheville Highlanders batting - Pitching for Tacoma Fur Traders : RHP Howard Finch
Batting: RHB Moisés Quintana 0-0: Fly out, F4 (Popup, 4MD)
Batting: SHB Gonzalo Valentín 0-0: Ball
1-0: Ball
2-0: Ball
3-0: Called Strike
3-1: Base on Balls
Batting: RHB Paco Vásquez 0-0: Called Strike
0-1: SINGLE (Groundball, 4MD)
Gonzalo Valentín to second
Batting: SHB Javier Luna 0-0: Called Strike
0-1: Fly out, F3 (Popup, 34)
Batting: RHB Héctor Gallegos 0-0: Ball
Wild Pitch!
Gonzalo Valentín to third
Paco Vásquez to second
1-0: Ball
2-0: Called Strike
2-1: Foul Ball, location: 2F
2-2: Foul Ball, location: 2F
2-2: Foul Ball, location: 2F
2-2: Ball
3-2: Strikes out swinging
Top of the 4th over - 0 run(s), 1 hit(s), 0 error(s), 2 left on base; Asheville 0 - Tacoma 1
BOTTOM OF THE 4TH
Tacoma Fur Traders batting - Pitching for Asheville Highlanders : RHP Danial Apodaca
Batting: RHB Luis Flores 0-0: Ball
1-0: Called Strike
1-1: Foul Ball, location: 2F
1-2: Fly out, F9 (Flyball, 89M)
Batting: RHB Iván Rodríguez 0-0: Ball
1-0: Ball
2-0: Ground out 1-3 (Groundball, P)
Batting: LHB Michael Whorton 0-0: Called Strike
0-1: Ball
1-1: Ball
2-1: Ball
3-1: Bunt missed!
3-2: Foul Ball, location: 2F
3-2: Foul Ball, location: 2F
3-2: Fly out, F9 (Flyball, 9S)
Bottom of the 4th over - 0 run(s), 0 hit(s), 0 error(s), 0 left on base; Asheville 0 - Tacoma 1
TOP OF THE 5TH
Asheville Highlanders batting - Pitching for Tacoma Fur Traders : RHP Howard Finch
Batting: LHB Jack Sutherland 0-0: Ground out 4-3 (Groundball, 34D)
Batting: LHB Luis Vicenteno 0-0: Called Strike
0-1: Swinging Strike
0-2: Ball
1-2: Ball
2-2: Foul Ball, location: 2F
2-2: Ball
3-2: Strikes out looking
Batting: RHB Ed Lastinger 0-0: Called Strike
0-1: Foul Ball, location: 2F
0-2: Strikes out swinging
Top of the 5th over - 0 run(s), 0 hit(s), 0 error(s), 0 left on base; Asheville 0 - Tacoma 1
BOTTOM OF THE 5TH
Tacoma Fur Traders batting - Pitching for Asheville Highlanders : RHP Danial Apodaca
Batting: RHB Tim Lehman 0-0: Ball
1-0: Called Strike
1-1: Called Strike
1-2: Ball
2-2: Foul Ball, location: 2F
2-2: SINGLE (Groundball, 56S) (infield hit)
Batting: RHB Jim Unknown 0-0: Sac Bunt - play at first, batter OUT! 2-4
Tim Lehman to second
Batting: SHB Vicente Pueblo 0-0: Ball
Tim Lehman is caught stealing 3rd base
1-0: Ball
2-0: SOLO HOME RUN (Flyball, 89XD), Distance : 432 ft
Batting: RHB Andy Moore 0-0: Called Strike
0-1: Foul Ball, location: 2F
0-2: Strikes out swinging
Bottom of the 5th over - 1 run(s), 2 hit(s), 0 error(s), 0 left on base; Asheville 0 - Tacoma 2
TOP OF THE 6TH
Asheville Highlanders batting - Pitching for Tacoma Fur Traders : RHP Howard Finch
Batting: RHB Víctor López 0-0: Ball
1-0: Foul Ball, location: 2F
1-1: Foul Ball, location: 2F
1-2: Foul Ball, location: 2F
1-2: SINGLE (Groundball, 6D)
Batting: RHB Moisés Quintana 0-0: DOUBLE (Line Drive, 7D)
Víctor López to third
Runner from 3rd tries for Home, SAFE, no throw
Batting: SHB Gonzalo Valentín 0-0: Foul Ball, location: 2F
0-1: Ball
1-1: Swinging Strike
1-2: Foul Ball, location: 2F
1-2: Ground out 6-3 (Groundball, 6)
Batting: RHB Paco Vásquez 0-0: Fly out, F7 (Flyball, 7LSF)
Batting: SHB Javier Luna 0-0: Foul Ball, location: 2F
0-1: Foul Ball, location: 2F
0-2: Foul Ball, location: 2F
0-2: Ball
1-2: Ball
2-2: Strikes out swinging
Top of the 6th over - 1 run(s), 2 hit(s), 0 error(s), 1 left on base; Asheville 1 - Tacoma 2
BOTTOM OF THE 6TH
Tacoma Fur Traders batting - Pitching for Asheville Highlanders : RHP Danial Apodaca
Batting: RHB Jenkins Hall 0-0: Ball
1-0: Ball
2-0: Swinging Strike
2-1: Called Strike
2-2: Ball
3-2: Foul Ball, location: 2F
3-2: Ground out 5-3 (Groundball, 5L)
Batting: RHB Rubén Alvarado 0-0: Foul Ball, location: 2F
0-1: Ball
1-1: Ground out 6-3 (Groundball, 56)
Batting: RHB Luis Flores 0-0: Called Strike
0-1: Ball
1-1: Fly out, F8 (Flyball, 8LS)
Bottom of the 6th over - 0 run(s), 0 hit(s), 0 error(s), 0 left on base; Asheville 1 - Tacoma 2
TOP OF THE 7TH
Asheville Highlanders batting - Pitching for Tacoma Fur Traders : RHP Howard Finch
Batting: RHB Héctor Gallegos 0-0: Called Strike
0-1: Ball
1-1: Foul Ball, location: 2F
1-2: Ground out 4-3 (Groundball, 4)
Batting: LHB Jack Sutherland 0-0: Called Strike
0-1: SINGLE (Line Drive, 8RS)
Batting: LHB Luis Vicenteno 0-0: Ball
1-0: Ball
2-0: Ball
3-0: Called Strike
3-1: Foul Ball, location: 2F
3-2: Foul Ball, location: 2F
3-2: Foul Ball, location: 2F
3-2: Base on Balls
Jack Sutherland to second
Pinch Hitting: RHB Bryce Bancroft 0-0: Swinging Strike
0-1: Ground out U3 (Groundball, 3D)
Jack Sutherland to third
Luis Vicenteno to second
Pinch Hitting: LHB Carlos Rodríguez 0-0: Foul Ball, location: 2F
0-1: Fly out, F8 (Flyball, 8RS)
Top of the 7th over - 0 run(s), 1 hit(s), 0 error(s), 2 left on base; Asheville 1 - Tacoma 2
BOTTOM OF THE 7TH
Tacoma Fur Traders batting - Pitching for Asheville Highlanders : RHP Danial Apodaca
Now at 2B: Bryce Bancroft
Now in RF: Carlos Rodríguez
Batting: RHB Iván Rodríguez 0-0: Foul Ball, location: 2F
0-1: Ground out 6-3 (Groundball, 6S)
Batting: LHB Michael Whorton 0-0: Ball
1-0: Swinging Strike
1-1: Ball
2-1: Swinging Strike
2-2: Foul Ball, location: 2F
2-2: Strikes out looking
Batting: RHB Tim Lehman 0-0: Ball
1-0: Foul Ball, location: 2F
1-1: Ground out U3 (Groundball, 3)
Bottom of the 7th over - 0 run(s), 0 hit(s), 0 error(s), 0 left on base; Asheville 1 - Tacoma 2
TOP OF THE 8TH
Asheville Highlanders batting - Pitching for Tacoma Fur Traders : RHP Howard Finch
Batting: RHB Moisés Quintana 0-0: Ball
1-0: Ball
2-0: Ball
3-0: Base on Balls
Batting: SHB Gonzalo Valentín 0-0: Bunted foul
0-1: Reached on error, E2 (Groundball, 2L)
Moisés Quintana to third
Batting: RHB Paco Vásquez 0-0: Foul Ball, location: 2F
0-1: Foul Ball, location: 2F
0-2: SINGLE (Line Drive, 6D)
Moisés Quintana scores
Gonzalo Valentín to third
Pinch Hitting: SHB John Pemperton 0-0: Ball
1-0: Foul Ball, location: 2F
1-1: Foul Ball, location: 2F
1-2: Ball
2-2: Foul Ball, location: 2F
2-2: Foul Ball, location: 2F
2-2: Strikes out swinging
Pitching: RHP Curt Walker
Batting: RHB Héctor Gallegos 0-0: Ball
1-0: Called Strike
1-1: Foul Ball, location: 2F
1-2: Ball
2-2: Fly out, F8 (Line Drive, 8RS)
Runner from 3rd tags up, SCORES, no throw
Batting: LHB Jack Sutherland 0-0: Fly out, F7 (Flyball, 78XD)
Top of the 8th over - 2 run(s), 1 hit(s), 1 error(s), 1 left on base; Asheville 3 - Tacoma 2
BOTTOM OF THE 8TH
Tacoma Fur Traders batting - Pitching for Asheville Highlanders : RHP Danial Apodaca
Pitching: LHP Jim Unknown
Now at 3B: Lorenzo Rosas
Batting: RHB Jim Unknown 0-0: Ball
1-0: Called Strike
1-1: Ground out U3 (Groundball, 34)
Batting: SHB Vicente Pueblo 0-0: Ball
1-0: Called Strike
1-1: Foul Ball, location: 2F
1-2: Foul Ball, location: 2F
1-2: Strikes out looking
Batting: RHB Andy Moore 0-0: SINGLE (Groundball, 4MD)
Batting: RHB Jenkins Hall 0-0: Called Strike
0-1: Foul Ball, location: 2F
0-2: Ball
1-2: Ball
2-2: Ball
3-2: Foul Ball, location: 2F
3-2: Foul Ball, location: 2F
3-2: Foul Ball, location: 2F
3-2: SINGLE (Groundball, 56D)
Andy Moore to second
Andy Moore to third
Batting: RHB Rubén Alvarado 0-0: Ball
1-0: Called Strike
1-1: Ball
2-1: Called Strike
2-2: Foul Ball, location: 2F
2-2: Foul Ball, location: 2F
2-2: Ball
3-2: Strikes out swinging
Bottom of the 8th over - 0 run(s), 2 hit(s), 0 error(s), 2 left on base; Asheville 3 - Tacoma 2
TOP OF THE 9TH
Asheville Highlanders batting - Pitching for Tacoma Fur Traders : RHP Curt Walker
Pitching: LHP Lonnie Barrett
Batting: LHB Luis Vicenteno 0-0: Called Strike
0-1: Foul Ball, location: 2F
0-2: Ball
1-2: Foul Ball, location: 2F
1-2: Ball
2-2: SINGLE (Groundball, 34D)
Batting: RHB Bryce Bancroft 0-0: Ball
1-0: Called Strike
1-1: Ball
2-1: Fly out, F8 (Flyball, 8RD)
Pinch Hitting: RHB Denis Taylor 0-0: Ball
Luis Vicenteno steals 2nd base
1-0: Called Strike
Luis Vicenteno is caught stealing 3rd base
1-1: Foul Ball, location: 2F
1-2: Foul Ball, location: 2F
1-2: Ball
2-2: Foul Ball, location: 2F
2-2: Ball
3-2: Base on Balls
Batting: RHB Moisés Quintana 0-0: Ball
1-0: Foul Ball, location: 2F
1-1: Ground out 3-1 (Groundball, 34S)
Top of the 9th over - 0 run(s), 1 hit(s), 0 error(s), 1 left on base; Asheville 3 - Tacoma 2
BOTTOM OF THE 9TH
Tacoma Fur Traders batting - Pitching for Asheville Highlanders : LHP Jim Unknown
Now in RF: Alejandro Castillo
Batting: RHB Luis Flores 0-0: Ball
1-0: SINGLE (Groundball, 4D)
Batting: RHB Iván Rodríguez 0-0: Called Strike
0-1: Foul Ball, location: 2F
0-2: Ball
1-2: Strikes out looking
Batting: LHB Michael Whorton 0-0: Ball
1-0: Called Strike
1-1: Called Strike
1-2: Ball
2-2: Strikes out swinging
Batting: RHB Tim Lehman 0-0: Ball
1-0: Ball
2-0: Fly out, F4 (Popup, 4D)
Bottom of the 9th over - 0 run(s), 1 hit(s), 0 error(s), 1 left on base; Asheville 3 - Tacoma 2
Friday, December 30th, 2016 - OOTP Baseball 17.12 Build 75